 Dungeon Crawl Stone Soup version 0.14.0-12-g87ee3b7 (webtiles) character file.

8058 Kae the Bludgeoner (level 10, -6/77 HPs)
             Began as a Minotaur Fighter on Apr 16, 2014.
             Was an Elder of Okawaru.
             Killed from afar by a gargoyle (28 damage)
             ... with a stone arrow
             ... on Level 9 of the Dungeon.
             The game lasted 00:22:44 (9551 turns).

Kae the Bludgeoner (Minotaur Fighter)               Turns: 9551, Time: 00:22:45

HP  -6/77        AC 24     Str 23      XL: 10   Next: 96%
MP   4/4         EV 10     Int  8      God: Okawaru [****..]
Gold 510         SH 24     Dex 14      Spells:  0 memorised,  9 levels left

rFire  . . .     SeeInvis .     q - +3,+1 mace (protect) (curse)
rCold  + . .     Clarity  .     G - +2 plate armour {rPois}
rNeg   . . .     Conserve .     c - +0 shield
rPois  +         rCorr    .     (helmet restricted)
rElec  .         rRot     .     (no cloak)
SustAb . .       Spirit   .     A - +0 pair of gloves
rMut   .         Warding  .     o - +1 pair of boots
Saprov . . .     Stasis   .     (no amulet)
MR     .....                    y - cursed ring of protection from cold
                                e - +1 ring of intelligence

@: agile, heroism, not resistant to hostile enchantments, extremely unstealthy
A: retaliatory headbutt, horns 2
a: Heroism, Renounce Religion


You were on level 9 of the Dungeon.
You worshipped Okawaru.
Okawaru was greatly pleased with you.
You were very hungry.

You visited 2 branches of the dungeon, and saw 10 of its levels.

You collected 510 gold pieces.

Inventory:

Hand weapons
 a - a +0,+0 flail
 q - a cursed +3,+1 mace of protection (weapon)
 F - a +0,+2 flail of protection
Missiles
 R - 4 tomahawks of returning (quivered)
 S - 8 tomahawks
Armour
 c - a +0 shield (worn)
 o - a +1 pair of boots (worn)
 A - a +0 pair of gloves (worn)
 G - a +2 plate armour of poison resistance (worn)
Magical devices
 l - a wand of teleportation (3)
 u - a wand of enslavement (18)
 P - a wand of paralysis (8)
 U - a wand of polymorph (0)
Comestibles
 d - 12 bread rations
 f - 4 apples
 k - 17 grapes
 m - 2 pears
 n - a choko
 v - 2 meat rations
 z - 2 cheeses
Scrolls
 g - 2 scrolls of enchant weapon II
 j - 9 scrolls of identify
 t - a scroll of recharging
 w - 2 scrolls of enchant weapon I
 H - a scroll of remove curse
 K - 2 scrolls of teleportation
 L - a scroll of amnesia
 N - 2 scrolls of magic mapping
 W - a scroll of random uselessness {unknown}
 X - a scroll of brand weapon {unknown}
Jewellery
 e - a +1 ring of intelligence (left hand)
 x - an uncursed ring of fire
 y - a cursed ring of protection from cold (right hand)
 J - an uncursed amulet of clarity {unknown}
 T - an uncursed amulet of guardian spirit {unknown}
Potions
 b - 3 potions of restore abilities {unknown}
 h - 2 potions of magic
 r - 2 potions of invisibility {unknown}
 B - 4 potions of curing
 C - 2 potions of agility
 D - a potion of haste {unknown}
 O - a potion of brilliance
 Q - a potion of mutation {unknown}
Books
 i - a book of the Sky

   Spells                             Type                      Level
   Flight                             Charms/Air                   3
   Airstrike                          Air                          4
   Silence                            Hexes/Air                    5
   Deflect Missiles                   Charms/Air                   6
   Conjure Ball Lightning             Conjuration/Air              6
   Tornado                            Air                          9
 p - a book of Callings

   Spells                             Type                      Level
   Summon Small Mammal                Summoning                    1
   Call Imp                           Summoning                    2
   Call Canine Familiar               Summoning                    3
   Summon Guardian Golem              Hexes/Summoning              4
   Summon Lightning Spire             Summoning/Air                4
   Summon Ice Beast                   Ice/Summoning                4
 I - a book of Battle

   Spells                             Type                      Level
   Infusion                           Charms                       1
   Shroud of Golubria                 Charms/Translocation         2
   Song of Slaying                    Charms                       2
   Spectral Weapon                    Hexes/Charms                 3
   Regeneration                       Charms/Necromancy            3
 M - a book of Alchemy

   Spells                             Type                      Level
   Lethal Infusion                    Charms/Necromancy            2
   Sublimation of Blood               Necromancy                   2
   Condensation Shield                Ice                          4
   Petrify                            Transmutation/Earth          4
   Ignite Poison                      Fire/Transmutation           5


   Skills:
 - Level 3.6(8.6) Fighting
 + Level 18.5(23.5) Maces & Flails
 - Level 3.6(8.6) Armour
 - Level 3.6(8.6) Shields


You had 9 spell levels left.
You didn't know any spells.

Dungeon Overview and Level Annotations

Branches:
Dungeon (9/15)             Temple (1/1) D:4            Lair (0/8) D:8
    Orc: D:9-12

Altars:
Ashenzari
Cheibriados
Dithmenos
Elyvilon
Fedhas
Okawaru
Sif Muna
Vehumet
Xom
Yredelemnul
The Shining One


Innate Abilities, Weirdness & Mutations

You reflexively headbutt those who attack you in melee.
You have a pair of horns on your head.


Message History

The gargoyle is lightly damaged.
The gargoyle hurls a stone arrow at you.
The stone arrow hits you!
* * * LOW HITPOINT WARNING * * *
You hit the gargoyle.
The gargoyle is moderately damaged.
Drink which item? (? for menu, Esc to quit)
You feel much better.
The gargoyle hurls a stone arrow at you.
You block the stone arrow.
Drink which item? (? for menu, Esc to quit)
You don't have any such object.
Drink which item? (? for menu, Esc to quit)
Drink which item? (? for menu, Esc to quit)
You can't drink that!
Drink which item? (? for menu, Esc to quit)
You feel agile all of a sudden.
The gargoyle hurls a stone arrow at you.
The stone arrow hits you!
You die...

#
##############
#
#........@9|.#
#
#...8####8...#
#
#...'....'...#
#
#...8#..#....#
#
#)####''####.#
# #)#
#..#.⌠#.# #
#.# #..#T.#.#
# #.#
#9.#_.#.#
#####
#.#..#..#..#.#


You could see a gargoyle.

Vanquished Creatures
  A centaur warrior (D:9)
  A deep troll (D:9)
  Joseph (D:8)
  A manticore (D:9)
  Psyche (D:8)
  A feature mimic (D:9)
  Prince Ribbit (D:6)
  A spriggan (D:7)
  2 steam dragons (D:6)
  2 hippogriffs
  A hungry ghost (D:8)
  A hill giant skeleton (D:9)
  A yak (D:9)
  Menkaure (D:5)
  A water moccasin (D:6)
  2 orc warriors (D:7)
  2 ice beasts
  2 ogres
  3 centaurs
  A sky beast (D:8)
  Duvessa (D:9)
  4 giant frogs
  2 big kobolds (D:7)
  A gnoll sergeant (D:9)
  2 scorpions
  10 killer bees
  5 wights (D:6)
  A quasit (D:8)
  Dowan (D:9)
  3 crimson imps
  2 goliath beetles (D:9)
  4 hounds
  4 orc priests
  A jelly (D:7)
  An iguana (D:8)
  A giant frog skeleton (D:4)
  5 worker ants
  12 orc wizards
  A sky beast zombie (D:5)
  Jessica (D:2)
  A mummy (D:6)
  12 adders
  6 gnolls
  An orc zombie (D:7)
  2 orc skeletons
  A giant mite (D:3)
  A worm (D:5)
  2 adder skeletons
  A giant eyeball (D:5)
  9 giant geckos
  2 oozes (D:4)
  35 orcs
  A bat skeleton (D:8)
  6 giant cockroaches
  13 hobgoblins
  18 jackals
  6 quokkas
  7 ball pythons
  16 bats
  3 giant newts
  17 goblins
  A hobgoblin skeleton (D:4)
  15 kobolds
  11 rats
  A rat zombie (D:5)
  A bush (D:2)
278 creatures vanquished.

Notes
Turn   | Place    | Note
--------------------------------------------------------------
     0 | D:1      | Kae, the Minotaur Fighter, began the quest for the Orb.
     0 | D:1      | Reached XP level 1. HP: 19/19 MP: 1/1
   219 | D:1      | Reached XP level 2. HP: 15/26 MP: 1/1
   774 | D:2      | Reached skill level 4 in Maces & Flails
  1001 | D:2      | Reached XP level 3. HP: 31/31 MP: 2/2
  1165 | D:2      | Found a glowing golden altar of the Shining One.
  1285 | D:2      | Found a blossoming altar of Fedhas.
  1478 | D:2      | Reached skill level 5 in Maces & Flails
  1497 | D:2      | Found a shadowy altar of Dithmenos.
  1594 | D:2      | Noticed Jessica
  1602 | D:2      | Killed Jessica
  1602 | D:2      | Reached XP level 4. HP: 33/39 MP: 2/2
  1897 | D:2      | Reached skill level 6 in Maces & Flails
  1897 | D:2      | Reached XP level 5. HP: 18/45 MP: 2/2
  2411 | D:3      | Reached skill level 7 in Maces & Flails
  2595 | D:3      | Found a shattered altar of Ashenzari.
  2627 | D:3      | Reached XP level 6. HP: 51/51 MP: 3/3
  2921 | D:3      | Reached skill level 8 in Maces & Flails
  3111 | D:4      | Reached skill level 9 in Maces & Flails
  3276 | D:4      | Reached XP level 7. HP: 31/57 MP: 3/3
  3488 | D:4      | Found a staircase to the Ecumenical Temple.
  3518 | Temple   | Entered the Ecumenical Temple
  3556 | Temple   | Became a worshipper of Warmaster Okawaru
  3737 | D:4      | Noticed a hippogriff
  3751 | D:4      | Killed a hippogriff
  3751 | D:4      | Reached skill level 10 in Maces & Flails
  3884 | D:5      | Entered Level 5 of the Dungeon
  4077 | D:5      | Noticed Menkaure
  4090 | D:5      | Killed Menkaure
  4090 | D:5      | Reached skill level 11 in Maces & Flails
  4090 | D:5      | Reached XP level 8. HP: 25/64 MP: 3/3
  4314 | D:5      | Acquired Okawaru's first power
  4426 | D:5      | Paralysed by a potion of paralysis for 5 turns
  4989 | D:5      | Paralysed by a giant eyeball for 3 turns
  5209 | D:6      | Noticed Prince Ribbit
  5248 | D:6      | Reached skill level 12 in Maces & Flails
  5668 | D:6      | Reached skill level 13 in Maces & Flails
  5686 | D:6      | Killed Prince Ribbit
  5927 | D:6      | Reached XP level 9. HP: 70/70 MP: 4/4
  6026 | D:6      | Reached skill level 14 in Maces & Flails
  6845 | D:7      | Reached skill level 15 in Maces & Flails
  7297 | D:8      | Noticed Joseph
  7353 | D:8      | Killed Joseph
  7353 | D:8      | Reached skill level 16 in Maces & Flails
  7491 | D:8      | Noticed Psyche
  7508 | D:8      | Killed Psyche
  7508 | D:8      | Reached XP level 10. HP: 68/77 MP: 2/4
  8122 | D:8      | Found a staircase to the Lair.
  8308 | D:9      | Reached skill level 17 in Maces & Flails
  8516 | D:9      | Found a basalt altar of Yredelemnul.
  8561 | D:9      | Noticed Duvessa
  8562 | D:9      | Noticed Dowan
  8573 | D:9      | Killed Duvessa
  8582 | D:9      | Killed Dowan
  9103 | D:9      | Noticed a manticore
  9116 | D:9      | Noticed a centaur warrior
  9130 | D:9      | Killed a manticore
  9146 | D:9      | Killed a centaur warrior
  9146 | D:9      | Reached skill level 18 in Maces & Flails
  9507 | D:9      | Found a deep blue altar of Sif Muna.
  9507 | D:9      | Noticed a deep troll
  9543 | D:9      | Killed a deep troll
  9551 | D:9      | Killed from afar by a gargoyle

Action                   |  1- 3 |  4- 6 |  7- 9 | 10-12 || total
-------------------------+-------+-------+-------+-------++-------
Melee: Flail             |   100 |       |       |       ||   100
       Mace              |    28 |   206 |   469 |   296 ||   999
       Unarmed           |       |       |       |     5 ||     5
Invok: Heroism           |       |       |     7 |     4 ||    11
Evoke: Wand              |       |       |       |     1 ||     1
  Use: Scroll            |       |    10 |     9 |       ||    19
       Potion            |       |     3 |     5 |     8 ||    16
